 Dungeon Crawl Stone Soup version 0.27-a0-1358-ga0a28fc8c3 (webtiles) character file.

Game seed: 2519410549953066581

23 Delamore the Sneak (level 2, -1/20 HPs)
             Began as an Octopode Brigand on June 28, 2021.
             Slain by a kobold (5 damage)
             ... on level 2 of the Dungeon.
             The game lasted 00:00:49 (814 turns).

Delamore the Sneak (Octopode Brigand)                Turns: 814, Time: 00:00:49

Health: -1/20      AC:  1    Str: 10    XL:     2   Next: 95%
Magic:  2/2        EV: 12    Int: 13    God:
Gold:   40         SH:  0    Dex: 13    Spells: 1/1 levels left

rFire    . . .     SeeInvis .   j - +1 dagger (drain)
rCold    . . .     Faith    .   (no shield)
rNeg     . . .     Spirit   .   (helmet restricted)
rPois    .         Reflect  .   (no amulet)
rElec    .         Harm     .   (no ring)
rCorr    .         Rampage  .   (no ring)
Will     .....                  (no ring)
Stlth    ++++......             (no ring)
HPRegen  0.06/turn              (no ring)
MPRegen  0.08/turn              (no ring)
                                (no ring)
                                (no ring)

@: no status effects
A: almost no armour, amphibious, 8 rings, camouflage 1, gelatinous body 1,
(nimble swimmer 1), tentacles
a: no special abilities


You were on level 2 of the Dungeon.
You visited 1 branch of the dungeon, and saw 2 of its levels.

You collected 40 gold pieces.

Inventory:

Hand Weapons
 a - a +2 dagger
 j - a +1 dagger of draining (weapon)
Missiles
 b - 8 poisoned darts
 c - 2 curare-tipped darts
 k - 3 javelins (quivered)
Scrolls
 f - a scroll of acquirement {unknown}
 g - a scroll of blinking {unknown}
 i - a scroll of teleportation {unknown}
Potions
 d - 4 potions of attraction {unknown}
 e - a potion of lignification {unknown}
 h - a potion of magic {unknown}


   Skills:
 + Level 2.3 Fighting
 + Level 2.3 Short Blades
 - Level 2.0 Throwing
 - Level 1.0 Dodging
 * Level 6.0 Stealth


You had one spell level left.
You didn't know any spells.
Your spell library was empty.

Dungeon Overview and Level Annotations

Branches:
Dungeon (2/15)

Altars:


Innate Abilities, Weirdness & Mutations

You cannot wear most types of armour.
You are amphibious.
You can wear up to eight rings at the same time.
Your skin changes colour to match your surroundings (Stealth+).
Your rubbery body absorbs attacks. (AC +1, EV +1)
((You are camouflaged near water. (Stealth+)))
You have tentacles for arms and can constrict up to eight enemies at once.


Message History

You are too injured to fight recklessly!
You are too injured to fight recklessly!
You are too injured to fight recklessly!
There are monsters nearby!
The jackal misses you.
You hit the jackal but do no damage. Your grab misses the jackal.
You squeeze the jackal.
The jackal is almost dead.
The jackal closely misses you.
Throw: 5 javelins
Press: ? - help, Q - select action, (/) - cycle Shift-Dir - straight line, f/p - jackal
Aim: a jackal (almost dead, 51% to hit)
You throw a javelin. The javelin barely misses the jackal.
The javelin closely misses the kobold.
The javelin barely misses the jackal.
The jackal bites you.
* * * LOW HITPOINT WARNING * * *
The jackal bites you.
* * * LOW HITPOINT WARNING * * *
Throw: 4 javelins
Press: ? - help, Q - select action, (/) - cycle Shift-Dir - straight line, f/p - jackal
Aim: a jackal (almost dead, 51% to hit)
You throw a javelin. The javelin closely misses the jackal.
The javelin misses the kobold.
The javelin barely misses the jackal.
The jackal bites you.
* * * LOW HITPOINT WARNING * * *
The jackal barely misses you.
You hit the jackal.
You kill the jackal!
The kobold throws a stone.
The stone hits you but does no damage.
You hit the jackal. You drain the jackal. You grab the jackal.
You squeeze the jackal.
You kill the jackal!
You hit the kobold but do no damage. You grab the kobold.
You squeeze the kobold.
The kobold is heavily wounded.
You constrict the kobold.
The kobold hits you with a +0 short sword.
You die...

#$ #.# #. #.# #.
## #.# #. #.##
##.# #.#...##
#..# .(..?.# #.##
#g...# #.# #K#.#
#.# #@#.# #.#
#.#.# #.# #.#?#
#.# #.#.# #.# ##
#)#.# #.#
#...##.#.# #.#
..........#####.#
##...#..........#
........#########


You could see a hobgoblin and a kobold.

Vanquished Creatures
  A dart slug (D:1)
  3 bats
  4 goblins
  2 hobgoblins (D:1)
  3 jackals (D:2)
  2 ball pythons
  2 frilled lizards (D:1)
  A kobold (D:2)
  2 rats (D:1)
20 creatures vanquished.

Notes
Turn   | Place    | Note
-------+----------+-------------------------------------------
     0 | D:1      | Delamore the Octopode Brigand began the quest for the Orb.
     0 | D:1      | Reached XP level 1. HP: 14/14 MP: 1/1
   303 | D:1      | Reached XP level 2. HP: 19/19 MP: 2/2
   808 | D:2      | Reached skill level 6 in Stealth
   814 | D:2      | Slain by a kobold

Illustrated notes

Levels and vault maps discovered:
D:1:      lemuel_arrival_river_bridge, layout_rooms
D:2:      layout_loops_ring, basic_altar

Skill      XL: |  1  2 |
---------------+-------+-----
Stealth        | 6 |  6.0
Fighting       | |  2.3
Short Blades   | |  2.3
Throwing       | |  2.0
Dodging        | |  1.0

Action                   || total
-------------------------++-------
Melee: Dagger            ||    28
       Constrict         ||     6
       Tentacles         ||     3
Throw: Javelin           ||     2
 Stab: Sleeping          ||    13
Armor: Skin              ||     1
Dodge: Dodged            ||     6

Table legend: (Time is in decaauts)
 A = Elapsed time spent in this place.
 B = Non-inter-level travel time spent in this place.
 C = Inter-level travel time spent in this place.
 D = Time resting spent in this place.
 E = Time spent auto-exploring this place.
 F = Levels seen in this place.
 G = Mean time per level.
                   A        B        C        D        E       F      G
               +--------+--------+--------+--------+--------+-----+--------+
         Total |    811 |    736 |     75 |      0 |    620 |   2 |  405.5 |
       Dungeon |    811 |    736 |     75 |      0 |    620 |   2 |  405.5 |
               +--------+--------+--------+--------+--------+-----+--------+

Top non-repeatable levels by time:
     D:1: 660 daAuts
     D:2: 150 daAuts
